 Dungeon Crawl Stone Soup version 0.29.1-1-gd02db6906a (webtiles) character file.

Game seed: 16718393138143890594

16 lonewolfV2 the Trooper (level 2, -6/24 HPs)
             Began as a Demonspawn Berserker on Oct 16, 2022.
             Was a Follower of Trog.
             Mangled by a gnoll
             ... wielding a +0 spear
              (8 damage)
             ... on level 1 of the Dungeon.
             The game lasted 00:00:56 (1026 turns).

lonewolfV2 the Trooper (Demonspawn Berserker)       Turns: 1026, Time: 00:00:56

Health: -6/24      AC:  2    Str: 17    XL:     2   Next: 37%
Magic:  2/2        EV: 12    Int:  8    God:    Trog [*.....]
Gold:   41         SH:  0    Dex: 12    Spells: 1/1 levels left

rFire   . . .      SeeInvis .   a - +0 hand axe
rCold   . . .      Faith    .   (no shield)
rNeg    . . .      Spirit   .   b - +0 animal skin
rPois   .          Reflect  .   (helmet restricted)
rElec   .          Harm     .   (no cloak)
rCorr   .          Rampage  .   (no gloves)
Will    .....                   (no boots)
Stlth   +.........              (no amulet)
HPRegen 0.08/turn               (no ring)
MPRegen 0.08/turn               (no ring)

@: no status effects
A: antennae 1
a: Renounce Religion, Berserk


You were on level 1 of the Dungeon.
You worshipped Trog.
Trog was aware of your devotion.
You visited 1 branch of the dungeon, and saw 1 of its levels.

You collected 41 gold pieces.

Inventory:

Hand Weapons
 a - a +0 hand axe (weapon)
Armour
 b - a +0 animal skin (worn)
Jewellery
 f - a ring of protection from fire
Scrolls
 e - 2 scrolls of noise {unknown}
Potions
 c - a potion of flight {unknown}
 d - a potion of cancellation {unknown}
 g - 3 potions of haste {unknown}
 h - a potion of heal wounds {unknown}


   Skills:
 + Level 3.3 Fighting
 + Level 3.0 Axes
 + Level 1.8 Armour
 + Level 1.9 Dodging


You had one spell level left.
You didn't know any spells.
Your spell library was empty.

Dungeon Overview and Level Annotations

Branches:
Dungeon (1/15)

Altars:


Innate Abilities, Weirdness & Mutations

You have a pair of small antennae on your head.


Message History

Trog accepts your kill. The jackal barely misses you.
You hit the jackal.
The jackal is almost dead.
The jackal closely misses you.
You barely miss the jackal.
The jackal is almost dead.
The jackal misses you. The jackal barely misses you.
You hit the jackal but do no damage.
The jackal is almost dead.
The jackal bites you. x2
You hit the jackal.
You kill the jackal!
Trog accepts your kill. The quokka misses you. The gnoll barely misses you.
You hit the quokka.
You kill the quokka!
Trog accepts your kill.
The gnoll hits you from afar with a +0 spear.
Found a spear.
The gnoll closely misses you.
You hit the gnoll.
The gnoll is heavily wounded.
The gnoll hits you with a +0 spear.
You hit the gnoll.
The gnoll is severely wounded.
The gnoll hits you with a +0 spear.
You hit the gnoll.
The gnoll is almost dead.
The gnoll barely misses you.
You closely miss the gnoll.
The gnoll is almost dead.
The gnoll hits you with a +0 spear. The gnoll hits you with a +0 spear!
* * * LOW HITPOINT WARNING * * *
You closely miss the gnoll.
The gnoll is almost dead.
The gnoll barely misses you.
You hit the gnoll but do no damage.
The gnoll is almost dead.
The gnoll hits you with a +0 spear!
You die...

#.........#.#
#.##.........#.#
#.##.........#.#
#.##.........#.#
#.##.........#.# #
#.##.........#.# #.)
#.##.........#.#
#....####.##.........#.#
......g@..:#............
#....#####.#.........#.#
#.. #...PP.P.♣....# #
##)..♣P♣.♣....#
#..PP._♣♣..#.#
#....♣.♣P..#.#
##.P..P♣.P...#
#...........#
##.......##.#


You could see a gnoll.

Vanquished Creatures
  3 goblins (D:1)
  2 hobgoblins (D:1)
  3 jackals (D:1)
  2 quokkas (D:1)
  A ball python (D:1)
  2 rats (D:1)
13 creatures vanquished.

Notes
Turn   | Place    | Note
-------+----------+-------------------------------------------
     0 | D:1      | lonewolfV2 the Demonspawn Berserker began the quest for the
                  | Orb.
     0 | D:1      | Reached XP level 1. HP: 18/18 MP: 1/1
   593 | D:1      | Gained mutation: You have a pair of small antennae on your
                  | head. [demonic ancestry]
   593 | D:1      | Reached XP level 2. HP: 23/24 MP: 2/2
   981 | D:1      | Found a faded altar of an unknown god.
  1026 | D:1      | Mangled by a gnoll

Illustrated notes

Levels and vault maps discovered:
D:1:      dpeg_arrival_ternary, layout_basic, dreamdust_ecumenical_altar_grove

Skill      XL: |  1  2 |
---------------+-------+-----
Axes           | 3 |  3.0
Fighting       | |  3.3
Armour         | |  1.8
Dodging        | |  1.9

Action                   || total
-------------------------++-------
Melee: Hand axe          ||    43
Invok: Berserk           ||     1
Armor: Animal skin       ||     2
Dodge: Dodged            ||    32
